 Dungeon Crawl Stone Soup version 0.25.0-9-g26727b657a (webtiles) character file.

Game seed: 1798903566864655826

85 funkygono the Firebug (level 4, 0/24 HPs)
             Began as a Gargoyle Fire Elementalist on June 21, 2020.
             Slain by an orc
             ... wielding a +0 flail
              (5 damage)
             ... on level 3 of the Dungeon.
             The game lasted 00:04:23 (2218 turns).

funkygono the Firebug (Gargoyle Fire Elementalist)  Turns: 2218, Time: 00:04:23

Health: 0/24       AC:  8    Str: 12    XL:     4   Next: 48%
Magic:  1/8        EV: 10    Int: 16    God:
Gold:   110        SH:  0    Dex: 10    Spells: 7/8 levels left

rFire    . . .     SeeInvis .   e - +1 mace
rCold    . . .     Gourm    .   (no shield)
rNeg     + . .     Faith    .   p - +0 ring mail
rPois    ∞         Spirit   .   (no helmet)
rElec    +         Reflect  .   (no cloak)
rCorr    .         Harm     .   (no gloves)
MR       .....                  (no boots)
Stlth    +.........             (no amulet)
HPRegen  0.08/turn              (no ring)
MPRegen  0.11/turn              (no ring)

@: no status effects
A: negative energy resistance 1, electricity resistance, unbreathing,
petrification resistance, rot immunity, AC +3
a: no special abilities


You were on level 3 of the Dungeon.
You were not hungry.

You visited 1 branch of the dungeon, and saw 3 of its levels.

You collected 110 gold pieces.

Inventory:

Hand Weapons
 e - a +1 mace (weapon)
Missiles
 g - 84 stones (quivered)
Armour
 a - a +1 robe
 p - a +0 ring mail (worn)
Scrolls
 f - a scroll of teleportation
Potions
 b - a potion of curing
 d - 2 potions of brilliance {unknown}
 h - a potion of lignification {unknown}
 l - a potion of flight {unknown}
 n - 2 potions of heal wounds {unknown}
Comestibles
 c - 5 rations


   Skills:
 + Level 0.1 Fighting
 + Level 0.2 Maces & Flails
 + Level 1.8 Dodging
 + Level 2.7 Stealth
 + Level 2.9 Spellcasting
 + Level 2.1 Conjurations
 + Level 3.5 Fire Magic


You had 7 spell levels left.
You knew the following spells:

 Your Spells              Type           Power        Failure   Level  Hunger
a - Foxfire               Conj/Fire      ##..         13%         1    #......

Your spell library contained the following spells:

 Spells                   Type           Power        Failure   Level  Hunger
 Conjure Flame            Conj/Fire      ##......     36%         3    ###....
 Inner Flame              Hex/Fire       #.......     52%         3    ###....
 Sticky Flame             Conj/Fire      ##......     78%         4    #####..
 Fireball                 Conj/Fire      ##........   98%         5    ######.


Dungeon Overview and Level Annotations

Branches:
Dungeon (3/15)

Altars:
Elyvilon
Gozag
Ru
Yredelemnul


Innate Abilities, Weirdness & Mutations

You are resistant to torment.
Your stone body is resilient. (AC +3)
You are immune to poison.
You resist negative energy. (rN+)
You are resistant to electric shocks. (rElec)
You can survive without breathing.
You are immune to petrification.
You are immune to rotting.


Message History

The orc completely misses you. The orc barely misses you.
The orc hits you but does no damage. x2
You hit the orc.
The orc is heavily wounded.
The orc hits you with a +4 trident of flaming.
The orc burns you. The orc barely misses you. x2
The orc hits you but does no damage.
You hit the orc but do no damage.
The orc is heavily wounded.
The orc hits you but does no damage.
The orc hits you with a +4 trident of flaming.
The orc burns you.
* * * LOW HITPOINT WARNING * * *
The orc closely misses you.
You hit the orc.
You kill the orc!
The orc hits you with a +0 hand axe.
* * * LOW HITPOINT WARNING * * *
The orc hits you with a +0 flail.
You die...

# #.########
#......†.#
#.....<..#
#.....@..#
#...()oo......
#........###.#
#..^.)...#
#........#
#.##...### ...
..$.. ..
......


You could see 2 orcs.

Vanquished Creatures
  An orc wizard (D:3)
  2 adders (D:2)
  An ooze (D:2)
  3 dart slugs
  A leopard gecko (D:2)
  2 orcs (D:3)
  2 ball pythons (D:2)
  A giant cockroach (D:1)
  3 goblins
  A hobgoblin (D:2)
  2 bats (D:1)
  4 frilled lizards
  2 gnoll zombies (D:2)
  2 kobolds
  3 rats
30 creatures vanquished.

Vanquished Creatures (collateral kills)
  A rat (D:1)
1 creature vanquished.

Vanquished Creatures (others)
  85 foxfires
85 creatures vanquished.

Grand Total: 116 creatures vanquished

Notes
Turn   | Place    | Note
-------+----------+-------------------------------------------
     0 | D:1      | funkygono the Gargoyle Fire Elementalist began the quest
                  | for the Orb.
     0 | D:1      | Reached XP level 1. HP: 10/10 MP: 3/3
   291 | D:1      | Reached XP level 2. HP: 15/15 MP: 0/5
   988 | D:2      | Reached XP level 3. HP: 15/19 MP: 1/6
  1176 | D:2      | Found a sacrificial altar of Ru.
  1445 | D:2      | Found an opulent altar of Gozag.
  1445 | D:2      | Found a white marble altar of Elyvilon.
  1770 | D:2      | Found a basalt altar of Yredelemnul.
  2211 | D:3      | Reached XP level 4. HP: 19/24 MP: 0/8
  2218 | D:3      | Slain by an orc

Illustrated notes

Levels and vault maps discovered:
D:1:      dpeg_arrival_pits, layout_loops_cross
D:2:      layout_basic, nicolae_ru_sacrificial_ziggurat,
          lemuel_zombie_altar_yredelemnul, gammafunk_temple_overflow_elements,
          first_ration, due_unseen_surprise
D:3:      layout_loops_ring, makhleb_grotto_becter, old_standard_altar,
          uniq_ijyb

Skill      XL: |  1  2  3 |
---------------+----------+-----
Conjurations   | 2 |  2.1
Fighting       | |  0.1
Maces & Flails | |  0.2
Dodging        | |  1.8
Stealth        | |  2.7
Spellcasting   | |  2.9
Fire Magic     | |  3.5

Action                   |  1- 3 |  4- 6 || total
-------------------------+-------+-------++-------
Melee: Mace              |    25 |     6 ||    31
 Cast: Foxfire           |    60 |       ||    60
  Use: Scroll            |     6 |       ||     6
  Eat: Chunk             |     5 |       ||     5
Armor: Robe              |    10 |       ||    10
       Ring mail         |       |     5 ||     5
Dodge: Dodged            |    19 |    10 ||    29
